BLB
WINDY CITY BLUES @ LOS ANGELES DINOS
07/14/2060
 
TOP OF THE 1ST
Windy City Blues batting - Pitching for Los Angeles Dinos : RHP Conner Flowers
Pitching: RHP Conner Flowers
Batting: RHB Ty Dec 0-0: Ground out 6-3 (Groundball, 56, EV 90.6 MPH)
Batting: RHB Ralph Neben 0-0: Ball
1-0: Swinging Strike
1-1: Foul Ball, location: 2F
1-2: Ground out 6-3 (Groundball, 6S, EV 56.9 MPH)
Batting: RHB Ezekiel Wolfson 0-0: Ball
1-0: Ground out 6-3 (Groundball, 56D, EV 85.0 MPH)
Top of the 1st over - 0 runs, 0 hits, 0 errors, 0 left on base; Windy City 0 - Los Angeles 0
BOTTOM OF THE 1ST
Los Angeles Dinos batting - Pitching for Windy City Blues : RHP James Peters
Pitching: RHP James Peters
Batting: LHB Johnathan Baird 0-0: Foul Ball, location: 2F
0-1: Fly out, F7 (Flyball, 78M, EV 85.0 MPH)
Batting: LHB Tris Chikumbu 0-0: Called Strike
0-1: Ball
1-1: Ball
2-1: Called Strike
2-2: Ball
3-2: Strikes out swinging
Batting: RHB Rob Detling 0-0: Swinging Strike
0-1: Ball
1-1: Ball
2-1: DOUBLE (Line Drive, 78M, EV 96.2 MPH)
Batting: RHB Andy Dillon 0-0: Ball
1-0: Swinging Strike
1-1: Foul Ball, location: 2F
1-2: Ball
2-2: Strikes out swinging
Bottom of the 1st over - 0 runs, 1 hit, 0 errors, 1 left on base; Windy City 0 - Los Angeles 0
TOP OF THE 2ND
Windy City Blues batting - Pitching for Los Angeles Dinos : RHP Conner Flowers
Batting: RHB Dulani Cherry 0-0: Called Strike
0-1: Ball
1-1: Swinging Strike
1-2: Ball
2-2: Foul Ball, location: 2F
2-2: Strikes out looking
Batting: LHB Josh Valentine 0-0: Ball
1-0: Ball
2-0: Ball
3-0: Called Strike
3-1: Base on Balls
Batting: LHB Rafael Rutkowski 0-0: Swinging Strike
0-1: Ball
1-1: Swinging Strike
1-2: Ball
2-2: Foul Ball, location: 2F
2-2: Foul Ball, location: 2F
2-2: Fly out, F8 (Flyball, 8LD, EV 95.6 MPH)
Batting: SHB Steven Hall 0-0: Foul Ball, location: 2F
0-1: Ball
1-1: SINGLE (Line Drive, 7LS, EV 92.5 MPH)
Josh Valentine to second
Batting: RHB Phil Phillips 0-0: Foul Ball, location: 2F
0-1: Called Strike
0-2: Fly out, F7 (Flyball, 7LD, EV 86.9 MPH)
Top of the 2nd over - 0 runs, 1 hit, 0 errors, 2 left on base; Windy City 0 - Los Angeles 0
BOTTOM OF THE 2ND
Los Angeles Dinos batting - Pitching for Windy City Blues : RHP James Peters
Batting: RHB Vince Cox 0-0: Ball
1-0: Ground out 3-1 (Groundball, 34, EV 79.4 MPH)
Batting: LHB Shawn Hickey 0-0: Ball
1-0: Ball
2-0: Fly out, F9 (Flyball, 9, EV 85.0 MPH)
Batting: RHB Wyatt Steinauer 0-0: SOLO HOME RUN (Flyball, 78XD, EV 107.5 MPH), Distance : 418 ft
Batting: RHB Orrin Perkins 0-0: Foul Ball, location: 2F
0-1: Ball
1-1: Ball
2-1: Ball
3-1: Base on Balls
Batting: RHB Derick Murphy 0-0: Foul Ball, location: 2F
0-1: Called Strike
0-2: Strikes out looking
Bottom of the 2nd over - 1 run, 1 hit, 0 errors, 1 left on base; Windy City 0 - Los Angeles 1
TOP OF THE 3RD
Windy City Blues batting - Pitching for Los Angeles Dinos : RHP Conner Flowers
Batting: RHB Peter Wingenbach 0-0: Ball
1-0: Fly out, F7 (Flyball, 7, EV 84.4 MPH)
Batting: RHB Ty Dec 0-0: Foul Ball, location: 2F
0-1: Ball
1-1: Ground out 1-3 (Groundball, 34S, EV 66.9 MPH)
Batting: RHB Ralph Neben 0-0: Ball
1-0: Ball
2-0: Called Strike
2-1: Swinging Strike
2-2: Ground out 6-3 (Groundball, 6, EV 106.2 MPH)
Top of the 3rd over - 0 runs, 0 hits, 0 errors, 0 left on base; Windy City 0 - Los Angeles 1
BOTTOM OF THE 3RD
Los Angeles Dinos batting - Pitching for Windy City Blues : RHP James Peters
Batting: LHB Johnathan Baird 0-0: Foul Ball, location: 2F
0-1: Hit by Pitch
Batting: LHB Tris Chikumbu 0-0: Ball
Johnathan Baird steals 2nd base
1-0: Fly out, F4 (Line Drive, 4, EV 65.0 MPH)
Batting: RHB Rob Detling 0-0: Ball
1-0: Swinging Strike
1-1: Called Strike
1-2: Ball
2-2: Foul Ball, location: 2F
2-2: Foul Ball, location: 2F
2-2: Ball
3-2: Base on Balls
Batting: RHB Andy Dillon 0-0: Swinging Strike
0-1: Foul Ball, location: 2F
0-2: Foul Ball, location: 2F
0-2: Foul Ball, location: 2F
0-2: Ball
1-2: Foul Ball, location: 2F
1-2: Strikes out swinging
Batting: RHB Vince Cox 0-0: Ball
1-0: Called Strike
1-1: Called Strike
1-2: Ball
2-2: Ball
3-2: Ground out U3 (Groundball, 34S, EV 87.5 MPH)
Bottom of the 3rd over - 0 runs, 0 hits, 0 errors, 2 left on base; Windy City 0 - Los Angeles 1
TOP OF THE 4TH
Windy City Blues batting - Pitching for Los Angeles Dinos : RHP Conner Flowers
Batting: RHB Ezekiel Wolfson 0-0: Foul Ball, location: 2F
0-1: SINGLE (Line Drive, 4D, EV 101.9 MPH)
Batting: RHB Dulani Cherry 0-0: Called Strike
0-1: Called Strike
0-2: Strikes out looking
Batting: LHB Josh Valentine 0-0: Grounds into double play, 3-6-1 (Groundball, 3S, EV 81.9 MPH)
Top of the 4th over - 0 runs, 1 hit, 0 errors, 0 left on base; Windy City 0 - Los Angeles 1
BOTTOM OF THE 4TH
Los Angeles Dinos batting - Pitching for Windy City Blues : RHP James Peters
Batting: LHB Shawn Hickey 0-0: Called Strike
0-1: Ball
1-1: Ground out 5-3 (Groundball, 5, EV 83.1 MPH)
Batting: RHB Wyatt Steinauer 0-0: Ball
1-0: Ground out 6-3 (Groundball, 6, EV 83.1 MPH)
Batting: RHB Orrin Perkins 0-0: Ball
1-0: Ball
2-0: Foul Ball, location: 2F
2-1: Ground out 6-3 (Groundball, 6MS, EV 93.8 MPH)
Bottom of the 4th over - 0 runs, 0 hits, 0 errors, 0 left on base; Windy City 0 - Los Angeles 1
TOP OF THE 5TH
Windy City Blues batting - Pitching for Los Angeles Dinos : RHP Conner Flowers
Batting: LHB Rafael Rutkowski 0-0: Called Strike
0-1: Ball
1-1: Fly out, F9 (Flyball, 89S, EV 77.5 MPH)
Batting: SHB Steven Hall 0-0: Called Strike
0-1: Called Strike
0-2: Ball
1-2: Ground out 6-3 (Groundball, 6, EV 80.6 MPH)
Batting: RHB Phil Phillips 0-0: Ball
1-0: Ball
2-0: Called Strike
2-1: Called Strike
2-2: Ground out 6-3 (Groundball, 6, EV 86.9 MPH)
Top of the 5th over - 0 runs, 0 hits, 0 errors, 0 left on base; Windy City 0 - Los Angeles 1
BOTTOM OF THE 5TH
Los Angeles Dinos batting - Pitching for Windy City Blues : RHP James Peters
Batting: RHB Derick Murphy 0-0: Called Strike
0-1: Called Strike
0-2: Ball
1-2: Ball
2-2: Strikes out swinging
Batting: LHB Johnathan Baird 0-0: Swinging Strike
0-1: Ground out 5-3 (Groundball, 56S, EV 83.8 MPH)
Batting: LHB Tris Chikumbu 0-0: Called Strike
0-1: Ball
1-1: Called Strike
1-2: Strikes out swinging
Bottom of the 5th over - 0 runs, 0 hits, 0 errors, 0 left on base; Windy City 0 - Los Angeles 1
TOP OF THE 6TH
Windy City Blues batting - Pitching for Los Angeles Dinos : RHP Conner Flowers
Batting: RHB Peter Wingenbach 0-0: Ball
1-0: Swinging Strike
1-1: Fly out, F8 (Flyball, 78D, EV 98.8 MPH)
Batting: RHB Ty Dec 0-0: Called Strike
0-1: DOUBLE (Line Drive, 8RXD, EV 97.5 MPH)
Batting: RHB Ralph Neben 0-0: Ball
1-0: Ball
2-0: Ground out U3 (Groundball, 34, EV 97.5 MPH)
Ty Dec to third
Batting: RHB Ezekiel Wolfson 0-0: Called Strike
0-1: Ball
1-1: Foul Ball, location: 2F
1-2: Foul Ball, location: 2F
1-2: Ball
2-2: Ground out 4-3 (Groundball, 4, EV 86.2 MPH)
Top of the 6th over - 0 runs, 1 hit, 0 errors, 1 left on base; Windy City 0 - Los Angeles 1
BOTTOM OF THE 6TH
Los Angeles Dinos batting - Pitching for Windy City Blues : RHP James Peters
Batting: RHB Rob Detling 0-0: Called Strike
0-1: Ball
1-1: Ball
2-1: Foul Ball, location: 2F
2-2: Ball
3-2: Base on Balls
Batting: RHB Andy Dillon 0-0: Foul Ball, location: 2F
0-1: Swinging Strike
0-2: Ball
1-2: Strikes out swinging
Batting: RHB Vince Cox 0-0: Called Strike
0-1: TRIPLE (Flyball, 8RD, EV 95.6 MPH)
Rob Detling scores
Batting: LHB Shawn Hickey 0-0: DOUBLE (Line Drive, 89D, EV 105.6 MPH)
Vince Cox scores
Batting: RHB Wyatt Steinauer 0-0: Ball
1-0: Ball
2-0: Ball
3-0: Called Strike
3-1: Foul Ball, location: 2F
3-2: Base on Balls
Batting: RHB Orrin Perkins 0-0: Called Strike
0-1: Ball
1-1: Grounds into double play, 4-6-3 (Groundball, 34D, EV 91.2 MPH)
Bottom of the 6th over - 2 runs, 2 hits, 0 errors, 1 left on base; Windy City 0 - Los Angeles 3
TOP OF THE 7TH
Windy City Blues batting - Pitching for Los Angeles Dinos : RHP Conner Flowers
Batting: RHB Dulani Cherry 0-0: Ball
1-0: Fly out, F9 (Flyball, 9S, EV 95.6 MPH)
Batting: LHB Josh Valentine 0-0: Ball
1-0: Ball
2-0: Swinging Strike
2-1: Called Strike
2-2: Ball
3-2: Strikes out looking
Batting: LHB Rafael Rutkowski 0-0: Ball
1-0: Swinging Strike
1-1: Fly out, F8 (Line Drive, 8LD, EV 95.6 MPH)
Top of the 7th over - 0 runs, 0 hits, 0 errors, 0 left on base; Windy City 0 - Los Angeles 3
BOTTOM OF THE 7TH
Los Angeles Dinos batting - Pitching for Windy City Blues : RHP James Peters
Pitching: RHP R.V. Weatherby
Batting: RHB Derick Murphy 0-0: Reached on error, E7 (Flyball, 78M, EV 90.6 MPH)
Batting: LHB Johnathan Baird 0-0: Bunted foul
0-1: Ball
1-1: Sac Bunt to 15 - play at first, batter OUT! 1-3
Derick Murphy to second
Batting: LHB Tris Chikumbu 0-0: Foul Ball, location: 2F
0-1: Ground out U3 (Groundball, 34, EV 85.6 MPH)
Derick Murphy to third
Batting: RHB Rob Detling 0-0: Fly out, F8 (Line Drive, 78D, EV 92.5 MPH)
Bottom of the 7th over - 0 runs, 0 hits, 1 error, 1 left on base; Windy City 0 - Los Angeles 3
TOP OF THE 8TH
Windy City Blues batting - Pitching for Los Angeles Dinos : RHP Conner Flowers
Pitching: RHP Drake Frykman
Batting: SHB Steven Hall 0-0: Ball
1-0: Called Strike
1-1: Ball
2-1: Foul Ball, location: 2F
2-2: Ground out 5-3 (Groundball, 25, EV 89.4 MPH)
Batting: RHB Phil Phillips 0-0: Ball
1-0: Ball
2-0: Swinging Strike
2-1: SINGLE (Groundball, 56S, EV 71.2 MPH) (infield hit)
Batting: RHB Peter Wingenbach 0-0: Called Strike
0-1: Ball
1-1: Ball
2-1: Fly out, F7 (Flyball, 7, EV 88.8 MPH)
Batting: RHB Ty Dec 0-0: Fielders Choice at 2nd, 5-4 (Groundball, 56, EV 85.0 MPH)
Top of the 8th over - 0 runs, 1 hit, 0 errors, 1 left on base; Windy City 0 - Los Angeles 3
BOTTOM OF THE 8TH
Los Angeles Dinos batting - Pitching for Windy City Blues : RHP R.V. Weatherby
Batting: RHB Andy Dillon 0-0: Ball
1-0: Foul Ball, location: 2F
1-1: Swinging Strike
1-2: Ball
2-2: Ball
3-2: Strikes out swinging
Batting: RHB Vince Cox 0-0: Called Strike
0-1: Called Strike
0-2: Fly out, F3 (Popup, 3, EV 77.5 MPH)
Batting: LHB Shawn Hickey 0-0: Ball
1-0: Called Strike
1-1: Fly out, F7 (Flyball, 7LS, EV 85.6 MPH)
Bottom of the 8th over - 0 runs, 0 hits, 0 errors, 0 left on base; Windy City 0 - Los Angeles 3
TOP OF THE 9TH
Windy City Blues batting - Pitching for Los Angeles Dinos : RHP Drake Frykman
Batting: RHB Ralph Neben 0-0: Called Strike
0-1: Swinging Strike
0-2: Strikes out swinging
Batting: RHB Ezekiel Wolfson 0-0: Ball
1-0: Ball
2-0: SINGLE (Groundball, 5S, EV 68.8 MPH) (infield hit)
Batting: RHB Dulani Cherry 0-0: Ball
1-0: Ball
2-0: Called Strike
2-1: Grounds into double play, 6-4-3 (Groundball, 6, EV 84.4 MPH)
Top of the 9th over - 0 runs, 1 hit, 0 errors, 0 left on base; Windy City 0 - Los Angeles 3
Friday, May 17th , 2024 - OOTP Baseball 23.10 Build 110